 Dungeon Crawl Stone Soup version 0.28-a0-1520-gc3277d3759 (webtiles) character file.

Game seed: 8453742689937993591

78 sanka the Conjurer (level 4, -1/32 HPs)
             Began as a Gnoll Conjurer on Jan 17, 2022.
             Slain by a white imp (4 damage)
             ... summoned by Natasha
             ... on level 2 of the Dungeon.
             The game lasted 00:01:11 (871 turns).

sanka the Conjurer (Gnoll Conjurer)                  Turns: 871, Time: 00:01:11

Health: -1/32      AC:  2    Str:  7    XL:     4   Next: 36%
Magic:  1/11       EV: 13    Int: 19    God:
Gold:   42         SH:  0    Dex: 10    Spells: 10/13 levels left

rFire   . . .      SeeInvis .   d - +4 whip
rCold   . . .      Faith    .   (no shield)
rNeg    . . .      Spirit   .   a - +0 robe
rPois   .          Reflect  .   (no helmet)
rElec   .          Harm     .   (no cloak)
rCorr   .          Rampage  .   (no gloves)
Will    .....                   (no boots)
Stlth   ++........              (no amulet)
HPRegen 0.10/turn               (no ring)
MPRegen 0.12/turn               (no ring)

@: slowed, very slow
A: fangs 1, strong nose, distributed training
a: no special abilities


You were on level 2 of the Dungeon.
You visited 1 branch of the dungeon, and saw 2 of its levels.

You collected 42 gold pieces.


Innate Abilities, Weirdness & Mutations

You have very sharp teeth.
Your uncanny sense of smell can sniff out nearby items.
Your experience applies equally to all skills.


   Skills:
 + Level 1.1 Fighting
 + Level 1.1 Short Blades
 + Level 1.1 Long Blades
 + Level 1.1 Axes
 + Level 1.1 Maces & Flails
 + Level 1.1 Polearms
 + Level 1.1 Staves
 + Level 1.1 Slings
 + Level 1.1 Bows
 + Level 1.1 Crossbows
 + Level 1.1 Throwing
 + Level 1.1 Armour
 + Level 4.6 Dodging
 + Level 4.2 Stealth
 + Level 1.1 Shields
 + Level 1.1 Unarmed Combat
 + Level 5.0 Spellcasting
 + Level 7.1 Conjurations
 + Level 0.8 Hexes
 + Level 0.8 Summonings
 + Level 0.8 Necromancy
 + Level 0.8 Translocations
 + Level 0.8 Transmutations
 + Level 0.8 Fire Magic
 + Level 0.8 Ice Magic
 + Level 0.8 Air Magic
 + Level 0.8 Earth Magic
 + Level 0.8 Poison Magic
 + Level 1.2 Invocations
 + Level 1.1 Evocations


You had 10 spell levels left.
You knew the following spells:

 Your Spells              Type           Power      Damage    Failure   Level
x - Searing Ray           Conj           62%        2d6       1%          2
z - Magic Dart            Conj           100%       1d8       1%          1

Your spell library contained the following spells:

 Spells                   Type           Power      Damage    Failure   Level
 Dazzling Flash           Conj/Hex       40%        N/A       7%          3
 Fulminant Prism          Conj/Hex       10%        3d9       24%         4
 Iskenderun's Mystic Bla  Conj/Tloc      20%        2d6       24%         4

Inventory:

Hand Weapons
 d - a +4 whip (weapon)
Armour
 a - a +0 robe (worn)
Scrolls
 b - a scroll of teleportation {unknown}

Dungeon Overview and Level Annotations

Branches:
Dungeon (2/15)

Altars:

Annotations:
D:2 Natasha

.. ∆ ... ..▒..▒▒ ... ..
.▒...▒ ▒.▒ ▒ ... .†..▒
▒.▒ .▒ .... ▒..<
▒.▒▒.▒▒ ▒..▒▒▒▒..▒
▒.▒...▒ ▒
▒........▒▒▒▒▒...▒....
▒▒▒........▒▒hg5..†..▒
▒...>........5▒†.......
▒.▒▒▒▒.▒▒▒.▒▒...▒▒▒▒.▒▒
..▒ ▒.▒ ▒.▒▒▒.▒▒ ▒ ▒.▒
▒.▒ ▒.▒ ▒.▒ ▒.▒ ▒.▒ ▒.▒
... ▒<▒ ▒.▒ ▒.▒ ....
▒▒▒.▒▒▒▒.▒ ▒.. (..▒
.........▒ ▒▒▒ ...▒


You could see Natasha, a crimson imp (summoned) and a white imp (summoned).


Message History

The crimson imp blinks!
Unknown command.
You closely miss Natasha.
Natasha mumbles some strange words.
Natasha shimmers violently.
Natasha casts a spell at you.
You feel as though you will be slow longer.
The white imp hits you. The white imp freezes you. Natasha barely misses you.
The crimson imp barely misses you. The white imp gestures at you.
The puff of frost misses you.
You barely miss Natasha. Your bite misses Natasha. Natasha misses you.
The crimson imp hits you but does no damage.
The white imp gestures at you. The puff of frost hits you!
* * * LOW HITPOINT WARNING * * *
Unknown command.
Unknown command.
You hit Natasha.
Natasha is moderately wounded.
Natasha barely misses you. The crimson imp barely misses you.
The white imp hits you.
* * * LOW HITPOINT WARNING * * *
The white imp freezes you.
You die...

Action                   |  1- 3 |  4- 6 || total
-------------------------+-------+-------++-------
Melee: Whip              |       |     6 ||     6
 Cast: Magic Dart        |    44 |     3 ||    47
  Use: Potion            |       |     1 ||     1
Armor: Robe              |     1 |     2 ||     3
Dodge: Dodged            |     5 |    10 ||    15

Levels and vault maps discovered:
D:1:      lightli_arrival_isolated_outpost, layout_basic
D:2:      layout_loops_ring, chequers_serial_rivers_marsh,
          corexii_hall_statues_u, uniq_natasha

Notes
Turn   | Place    | Note
-------+----------+-------------------------------------------
     0 | D:1      | sanka the Gnoll Conjurer began the quest for the Orb.
     0 | D:1      | Reached XP level 1. HP: 13/13 MP: 6/6
   267 | D:1      | Reached XP level 2. HP: 20/20 MP: 3/7
   270 | D:1      | Learned a level 2 spell: Searing Ray
   731 | D:2      | Reached skill level 5 in Spellcasting
   731 | D:2      | Reached XP level 3. HP: 19/25 MP: 2/9
   839 | D:2      | Noticed Natasha
   844 | D:2      | Killed Natasha
   845 | D:2      | Reached skill level 1 in Fighting
   845 | D:2      | Reached skill level 1 in Short Blades
   845 | D:2      | Reached skill level 1 in Long Blades
   845 | D:2      | Reached skill level 1 in Axes
   845 | D:2      | Reached skill level 1 in Maces & Flails
   845 | D:2      | Reached skill level 1 in Polearms
   845 | D:2      | Reached skill level 1 in Staves
   845 | D:2      | Reached skill level 1 in Slings
   845 | D:2      | Reached skill level 1 in Bows
   845 | D:2      | Reached skill level 1 in Crossbows
   845 | D:2      | Reached skill level 1 in Throwing
   845 | D:2      | Reached skill level 1 in Armour
   845 | D:2      | Reached skill level 1 in Shields
   845 | D:2      | Reached skill level 1 in Unarmed Combat
   845 | D:2      | Reached skill level 1 in Invocations
   845 | D:2      | Reached skill level 1 in Evocations
   856 | D:2      | Noticed Natasha
   860 | D:2      | Killed Natasha
   860 | D:2      | Noticed Natasha
   861 | D:2      | Reached XP level 4. HP: 21/32 MP: 2/11
   871 | D:2      | HP: 3/32 [white imp[Natasha] (3)]
   871 | D:2      | Slain by a white imp

Vanquished Creatures
  Natasha (twice) (D:2)
  An adder (D:2)
  A dart slug (D:1)
  3 ball pythons
  2 bats (D:1)
  An endoplasm (D:1)
  2 goblins (D:1)
  A hobgoblin (D:1)
  A quokka (D:1)
  2 frilled lizards
  3 kobolds (D:1)
  A rat (D:1)
20 creatures vanquished.
